 Dungeon Crawl Stone Soup version 0.31-a0-188-g5e087ee2ca (webtiles) character file.

Game seed: 4134530368272250229

46 qw the Shooter (level 3, -2/20 HPs)
             Began as a Deep Elf Hunter on June 23, 2023.
             Slain by a worm (8 damage)
             ... on level 2 of the Dungeon.
             The game lasted 00:00:28 (1059 turns).

qw the Shooter (Deep Elf Hunter)                    Turns: 1059, Time: 00:00:28

Health: -2/20      AC:  5    Str: 10    XL:     3   Next: 44%
Magic:  5/5        EV: 11    Int: 13    God:
Gold:   53         SH:  0    Dex: 18    Spells: 2/2 levels left

rFire   . . .        Y - +0 shortbow
rCold   . . .        (shield currently unavailable)
rNeg    . . .        d - +0 ring mail {Will+}
rPois   .            (no helmet)
rElec   .            (no cloak)
rCorr   .            (no gloves)
SInv    .            (no boots)
Will    +....        i - amulet of faith
Stlth   +            (no ring)
HPRegen 0.23/turn    (no ring)
MPRegen 0.09/turn

%: faith
@: no status effects
A: no striking features
a: no special abilities


You were on level 2 of the Dungeon.
You visited 1 branch of the dungeon, and saw 2 of its levels.

You collected 107 gold pieces.
You spent 54 gold pieces at shops.


   Skills:
 - Level 1.5 Fighting
 + Level 7.0 Ranged Weapons
 - Level 2.4 Dodging
 - Level 1.2 Stealth


You had 2 spell levels left.
You didn't know any spells.
Your spell library was empty.

Inventory:

Hand Weapons
 Y - a +0 shortbow (weapon)
Armour
 c - a +0 pair of boots
 d - a +0 ring mail of willpower (worn)
Jewellery
 i - an amulet of faith (around neck)
Scrolls
 a - a scroll of identify
 e - a scroll of vulnerability {unknown}
 g - a scroll of teleportation {unknown}
Potions
 b - a potion of mutation {unknown}
 f - a potion of berserk rage {unknown}
 h - a potion of brilliance {unknown}

Dungeon Overview and Level Annotations

Branches:
Dungeon (2/15)

Altars:
Uskayaw

Shops:
D:1 !   D:2 [


Message History

Enter note:
Enter note:
Enter note: You shoot an arrow.
The arrow hits the endoplasm!
You kill the endoplasm!
g - a scroll labelled SASOIR NAULE
Enter note:
Enter note:
Enter note:
Enter note:
Enter note:
Enter note: A worm comes into view.
Enter note:
Enter note:
Enter note:
Enter note:
Enter note:
Enter note: You shoot an arrow.
The arrow barely misses the worm.
You shoot an arrow. The arrow hits the worm.
The worm is lightly wounded.
The worm bites you!
You shoot an arrow. The arrow hits the worm.
The worm is lightly wounded.
You shoot an arrow. The arrow hits the worm!
The worm is severely wounded.
The worm bites you.
You shoot an arrow. The arrow hits the worm.
The worm is almost dead.
The worm barely misses you.
You shoot an arrow. The arrow hits the worm.
The worm is almost dead.
The worm bites you.
You shoot an arrow. The arrow barely misses the worm.
You shoot an arrow.
The arrow hits the worm but does no damage.
The worm is almost dead.
The worm bites you!
You die...

##.#.## ##.#.## ###
##.#.## ##.##
##.#.## ##.#.##
##.#.## ##.#.#.##
#.#.##.# ##.#...#.##
#.##.#.##..[.##.#)#
#.#.##w#...#.##.#.##
##.#.##@#.#.##.#.##
##.#)##.#.##.#.##
##.#.##.##.#.##
##.#.###.#.##
##.#.#.#.##
##.#.#.## ##.#.## ##
##


You could see a worm.

Vanquished Creatures
  3 worms (D:2)
  4 dart slugs
  4 endoplasms
  A giant cockroach (D:1)
  3 goblins
  3 kobolds
  A quokka (D:2)
  2 ball pythons (D:1)
  5 bats
  2 frilled lizards
  2 rats (D:1)
30 creatures vanquished.

Notes
Turn   | Place    | Note
-------+----------+-------------------------------------------
     0 | D:1      | qw the Deep Elf Hunter began the quest for the Orb.
     0 | D:1      | Reached XP level 1. HP: 12/12 MP: 3/3
     0 | D:1      | 0 ||| qw: Version: 0.3-a-9-g12657ce
     0 | D:1      | 0 ||| qw: Game counter: 3731
     0 | D:1      | 0 ||| qw: Always use a shield: true
     0 | D:1      | 0 ||| qw: God list: Okawaru
     0 | D:1      | 0 ||| qw: Allow faded altars: false
     0 | D:1      | 0 ||| qw: Do Orc after D:15 true
     0 | D:1      | 0 ||| qw: Do second Lair branch before Depths: true
     0 | D:1      | 0 ||| qw: Lair rune preference: random
     0 | D:1      | 0 ||| qw: Plans: Normal
     0 | D:1      | 0 ||| PLANNING D:1-11
   112 | D:1      | Reached XP level 2. HP: 11/16 MP: 4/4
   282 | D:1      | Reached skill level 6 in Ranged Weapons
   441 | D:1      | Found Aginicku's Distillery.
   446 | D:1      | 446 ||| SHOPLISTING potion of cancellation (88 gold, have
                  | 31).
   446 | D:1      | 446 ||| SHOPLISTING potion of curing (33 gold, have 31).
   446 | D:1      | 446 ||| SHOPLISTING potion of heal wounds (55 gold, have
                  | 31).
   446 | D:1      | 446 ||| SHOPLISTING potion of might (44 gold, have 31).
   446 | D:1      | 446 ||| SHOPLISTING potion of resistance (110 gold, have
                  | 31).
   722 | D:1      | 722 ||| UPGRADING to +0 ring mail of willpower.
   732 | D:1      | 732 ||| DROPPING +0 leather armour.
   733 | D:1      | 733 ||| UPGRADING to amulet of faith.
   738 | D:1      | 738 ||| READING scroll labelled TIRUTEDI CAOWK.
   739 | D:1      | 739 ||| READING scroll labelled QUSUOF VOATHOS.
   740 | D:1      | 740 ||| READING scroll labelled XIHOONYICW.
   741 | D:1      | 741 ||| DROPPING scroll of butterflies.
   799 | D:2      | Identified the +4 dagger "Xaperph" {freeze, rC+}
   835 | D:2      | Reached XP level 3. HP: 20/20 MP: 5/5
   858 | D:2      | Found a hide-covered altar of Uskayaw.
   923 | D:2      | Found Saystrir's Armour Shoppe.
   932 | D:2      | 932 ||| BUYING +0 pair of boots (54 gold).
   932 | D:2      | Bought a +0 pair of boots for 54 gold pieces
   932 | D:2      | 932 ||| SHOPLISTING +1 ring mail of cold resistance (192
                  | gold, have 25).
  1009 | D:2      | Reached skill level 7 in Ranged Weapons
  1059 | D:2      | Slain by a worm

Levels and vault maps discovered:
D:1:      amcnicky_arrival_double_pillar, layout_basic, serial_shops,
          nicolae_shop_hallway_stairs
D:2:      minmay_inner_zag, layout_basic, serial_shops,
          nicolae_shop_gibbet_a_chance, basic_altar,
          dreamdust_ecumenical_altar_angels_and_demons, grunt_ministairs_8,
          roderic_roman_lattice

Skill      XL: |  1  2  3 |
---------------+----------+-----
Ranged Weapons | 6 7 |  7.0
Fighting       | |  1.5
Dodging        | |  2.4
Stealth        | |  1.2

Action                     || total
---------------------------++-------
   Fire: Shortbow          ||    99
    Use: Scroll            ||     3
 Armour: Leather armour    ||     4
         Ring mail         ||     1
  Dodge: Dodged            ||    22

Table legend:
 A = Non-vault XP
 B = Vault XP
 C = Vault XP percentage of total XP
 D = Non-vault monster count
 E = Vault monster count
 F = Vault count percentage of total count
                 A         B        C        D         E       F
            +---------+---------+-------+---------+---------+-------
      Total |      56 |      10 |  15.2 |      26 |       4 |  13.3
            +---------+---------+-------+---------+---------+-------
        D:1 |      30 |       0 |   0.0 |      17 |       0 |   0.0
        D:2 |      26 |      10 |  27.8 |       9 |       4 |  30.8
            +---------+---------+-------+---------+---------+-------
